 Dungeon Crawl Stone Soup version 0.19.0-24-gb05acd6 (webtiles) character file.

95 Gargo the Digger (level 4, -2/24 HPs)
             Began as a Gargoyle Earth Elementalist on Nov 21, 2016.
             Killed from afar by an orc wizard (4 damage)
             ... with a puff of frost
             ... on level 2 of the Dungeon.
             The game lasted 00:09:30 (1756 turns).

Gargo the Digger (Gargoyle Earth Elementalist)      Turns: 1756, Time: 00:09:31

Health: -2/24      AC:  6    Str: 12    XL:     4   Next: 65%
Magic:  0/9        EV: 12    Int: 16    God:
Gold:   94         SH:  0    Dex: 10    Spells: 2 memorised, 5 levels left

rFire  + . .     SeeInvis .     a - +2 dagger (drain)
rCold  . . .     Gourm    .     c - +1 robe
rNeg   + . .     Faith    .     (no shield)
rPois  ∞         Spirit   .     (no helmet)
rElec  +         Reflect  .     (no cloak)
rCorr  .         Harm     .     (no gloves)
MR     .....     Rnd*Tele +     (no boots)
Stlth  ++........               (no amulet)
                                l - ring of protection from fire
                                k - ring of teleportation (curse)

@: no status effects
A: negative energy resistance 1, electricity resistance, unbreathing,
petrification resistance, rot immunity, AC +3
a: no special abilities


You were on level 2 of the Dungeon.
You were not hungry.

You visited 1 branch of the dungeon, and saw 3 of its levels.

You collected 94 gold pieces.

Inventory:

Hand Weapons
 a - a +2 dagger of draining (weapon)
 h - a +0 dagger
 m - a +0 club
 o - a +0 dagger of speed
 p - a +0 whip
 q - a +2 hand axe of chopping
Missiles
 b - 66 stones (quivered)
Armour
 c - a +1 robe (worn)
Jewellery
 k - a cursed ring of teleportation (left hand)
 l - a ring of protection from fire (right hand)
Potions
 f - 2 potions of flight
 g - a potion of curing {unknown}
 n - a potion of degeneration {unknown}
Books
 e - a book of Geomancy

   Spells                             Type                      Level
   a - Sandblast                      Earth                        1
   b - Passwall                       Transmutation/Earth          2
   c - Stone Arrow                    Conjuration/Earth            3
   d - Petrify                        Transmutation/Earth          4
   e - Lee's Rapid Deconstruction     Earth                        5
Comestibles
 d - a bread ration
 i - 2 fruits
 j - 6 chunks of flesh


   Skills:
 - Level 1.5 Dodging
 - Level 2.1 Stealth
 * Level 3.4 Spellcasting
 + Level 1.3 Conjurations
   Level 0.7 Transmutations
 + Level 4.7 Earth Magic


You had 5 spell levels left.
You knew the following spells:

 Your Spells              Type           Power        Failure   Level  Hunger
a - Sandblast             Erth           ###...       2%          1    None
b - Stone Arrow           Conj/Erth      ##....       17%         3    ###....


Dungeon Overview and Level Annotations

Branches:
Dungeon (3/15)

Altars:


Innate Abilities, Weirdness & Mutations

You are resistant to torment.
Your stone body is resilient. (AC +3)
You are immune to poison.
You resist negative energy. (rN+)
You are resistant to electric shocks. (rElec)
You can survive without breathing.
You are immune to petrification.
You are immune to rotting.


Message History

Things that are here:
a flail; a ring mail; an orc corpse
Casting: Sandblast
Confirm with . or Enter, or press ? or * to list all spells.
Aiming: Sandblast
Press: ? - help, Shift-Dir - straight line, f - orc wizard
Aim: an orc wizard, wielding a dagger and wearing a robe The rocky blast hits the orc wizard.
The orc wizard is moderately wounded.
The orc wizard closely misses you.
You sense an unholy aura.
a - a +2 dagger of draining (weapon)
The orc wizard hits you with a dagger.
* * * LOW HITPOINT WARNING * * *
You are too injured to fight recklessly!
You closely miss the orc wizard.
The orc wizard is moderately wounded.
The orc wizard casts a spell at you. The puff of frost hits you!
You die...

#.......#..#...#.#
##....<..#.....#.#
####....#..#....#
#....#.......#
#....#....#..#
#...##....#..#
##..........>#
...####.#.#o##
...+ #.....@#
#......####
#....#.....#
#.##.#.###.# #
..... .# #.##.# #
# ... #.#


You could see an orc wizard.

Vanquished Creatures
  Jessica (D:2)
  Natasha (D:2)
  An adder (D:2)
  2 dart slugs
  2 leopard geckos (D:1)
  An orc (D:2)
  5 goblins
  2 hobgoblins (D:1)
  8 bats
  A frilled lizard (D:1)
  5 kobolds (D:1)
  4 rats
33 creatures vanquished.

Notes
Turn   | Place    | Note
-------+----------+-------------------------------------------
     0 | D:1      | Gargo the Gargoyle Earth Elementalist began the quest for the Orb.
     0 | D:1      | Reached XP level 1. HP: 10/10 MP: 3/3
   509 | D:1      | Reached XP level 2. HP: 15/15 MP: 3/5
   650 | D:2      | Reached skill level 4 in Earth Magic
  1184 | D:1      | Reached XP level 3. HP: 17/19 MP: 2/7
  1492 | D:2      | Noticed Jessica
  1492 | D:2      | Noticed Natasha
  1642 | D:2      | Learned a level 3 spell: Stone Arrow
  1645 | D:2      | Killed Jessica
  1645 | D:2      | Reached XP level 4. HP: 24/24 MP: 4/8
  1680 | D:2      | Reached skill level 1 in Conjurations
  1687 | D:2      | Killed Natasha
  1756 | D:2      | Killed from afar by an orc wizard

Skill      XL: |  1  2  3  4 |
---------------+-------------+-----
Earth Magic    | 4 |  4.7
Spellcasting   | 3 |  3.4
Conjurations   | 1 |  1.3
Dodging        | |  1.5
Stealth        | |  2.1
Transmutations | |  0.7

Action                   |  1- 3 |  4- 6 || total
-------------------------+-------+-------++-------
Melee: Dagger            |    29 |     1 ||    30
       Unarmed           |     2 |       ||     2
Throw: Stone             |     4 |       ||     4
 Cast: Sandblast         |    48 |    17 ||    65
  Use: Scroll            |     4 |       ||     4
 Stab: Sleeping          |     3 |       ||     3
  Eat: Chunk             |     3 |       ||     3
Armor: Robe              |    21 |     4 ||    25
Dodge: Dodged            |    45 |    18 ||    63
